 Dungeon Crawl Stone Soup version 0.18.1-50-g88ac8fd (webtiles) character file.

157 yungnami the Ruffian (level 5, 0/53 HPs)
             Began as a Troll Berserker on Oct 3, 2016.
             Was a Believer of Trog.
             Killed from afar by an orc wizard (11 damage)
             ... with a puff of frost
             ... on level 3 of the Dungeon.
             The game lasted 00:06:37 (726 turns).

yungnami the Ruffian (Troll Berserker)               Turns: 726, Time: 00:06:37

Health: 0/53       AC:  5    Str: 26    XL:     5   Next: 15%
Magic:  4/4        EV: 10    Int:  3    God:    Trog [**....]
Gold:   58         SH:  0    Dex:  9    Spells: 0 memorised, 4 levels left

rFire  . . .     SeeInvis .     i - +0 war axe (venom)
rCold  . . .     Gourm    +     d - +0 robe
rNeg   . . .     Faith    .     (no shield)
rPois  .         Spirit   .     (helmet restricted)
rElec  .         Dismiss  .     (no cloak)
rCorr  .         Reflect  .     (gloves unavailable)
SustAt .         Harm     .     (boots unavailable)
MR     .....                    (no amulet)
Stlth  +.........               (no ring)
                                (no ring)

@: exhausted, slowed, very slow, not resistant to hostile enchantments, very
unstealthy
A: unfitting armour, claws 3, fast metabolism 3, gourmand, regeneration 2,
shaggy fur 1, tough skin 2
a: Berserk, Trog's Hand, Burn Spellbooks, Renounce Religion


You were on level 3 of the Dungeon.
You worshipped Trog.
Trog was pleased with you.
You were near starving.

You visited 1 branch of the dungeon, and saw 3 of its levels.

You collected 58 gold pieces.

Inventory:

Hand Weapons
 i - a +0 war axe of venom (weapon)
Missiles
 l - 45 stones (quivered)
Armour
 a - a +0 animal skin
 d - a +0 robe (worn)
Scrolls
 e - a scroll of identify
Potions
 c - a potion of ambrosia
 g - a potion of agility {unknown}
 h - a potion of degeneration {unknown}
 k - a potion of curing {unknown}
Comestibles
 b - 4 bread rations
 f - 3 fruits
 j - a royal jelly
 n - a chunk of flesh
 o - a beef jerky


   Skills:
 + Level 3.2 Fighting
 + Level 3.4 Dodging
 + Level 0.1 Stealth
 + Level 4.2 Unarmed Combat


You had 4 spell levels left.
You didn't know any spells.

Dungeon Overview and Level Annotations

Branches:
Dungeon (3/15)

Altars:


Innate Abilities, Weirdness & Mutations

You are too large for most types of armour.
You have claws for hands.
Your metabolism is lightning-fast.
You like to eat raw meat.
You heal very quickly.
You are covered in fur (AC +1).
You have very tough skin (AC +2).


Message History

The orc is severely wounded.
You closely miss something. Something hits you but does no damage.
The orc hits you but does no damage. Something hits you.
* * * LOW HITPOINT WARNING * * *
You feel a strong urge to attack something.
You feel sick.
You are no longer poisoned.
The orc hits you with a dagger.
* * * LOW HITPOINT WARNING * * *
You are no longer berserk.
You are exhausted.
You feel yourself slow down.
You are near starving!
Something hits you.
* * * LOW HITPOINT WARNING * * *
Something hits you but does no damage.
You hear some strange, mumbled words.
A puff of frost appears from out of thin air!
The puff of frost hits you!
You die...

##.##.#
#....
#....)###
#...)
#.....).#
#...#
#...###.#
##.##
##..# .#
#.#
#######..#
# #.#
.......o.#
#.#
#####.#.##
#.#
.......@.#
#.#
#####...##
##.# ##..#
#..# ...#
#.## ##.##
#.# .. #.#
## #.# #.#
#.#


You could see an orc.

Vanquished Creatures
  A black bear (D:3)
  An orc wizard (D:3)
  An adder (D:2)
  3 dart slugs (D:2)
  2 orcs (D:3)
  2 bats (D:2)
  A goblin (D:2)
  5 hobgoblins
  4 giant newts
  3 kobolds
  A rat (D:1)
24 creatures vanquished.

Notes
Turn   | Place    | Note
--------------------------------------------------------------
     0 | D:1      | yungnami the Troll Berserker began the quest for the Orb.
     0 | D:1      | Reached XP level 1. HP: 22/22 MP: 0/0
   191 | D:2      | Reached XP level 2. HP: 26/29 MP: 1/1
   341 | D:2      | Reached XP level 3. HP: 31/36 MP: 2/2
   510 | D:2      | Reached ** piety under Trog
   705 | D:3      | Noticed a black bear
   706 | D:3      | Reached XP level 4. HP: 40/45 MP: 3/3
   717 | D:3      | Killed a black bear
   717 | D:3      | Reached skill level 4 in Unarmed Combat
   717 | D:3      | Reached XP level 5. HP: 28/53 MP: 4/4
   726 | D:3      | Killed from afar by an orc wizard

Skill      XL: |  1  2  3  4 |
---------------+-------------+-----
Fighting       | 3 |  3.2
Dodging        | 3 |  3.4
Unarmed Combat | 4 |  4.2
Stealth        | |  0.1

Action                   |  1- 3 |  4- 6 || total
-------------------------+-------+-------++-------
Melee: Unarmed           |    61 |       ||    61
       War axe           |       |     6 ||     6
Invok: Berserk           |       |     1 ||     1
  Use: Scroll            |     5 |       ||     5
  Eat: Chunk             |     3 |       ||     3
Armor: Robe              |    14 |     6 ||    20
Dodge: Dodged            |    25 |    10 ||    35
